 Dungeon Crawl Stone Soup version 0.31-a0-1111-ga3525b893c (webtiles) character file.

Game seed: 325116927111099717

1828121 Flugkiller the Warrior (level 24, 204/204 HPs)
             Began as a Mummy Wanderer on Dec 4, 2023.
             Was an Initiate of Gozag.
             Escaped with the Orb
             ... and 3 runes!
             The game lasted 01:43:13 (54802 turns).

Flugkiller the Warrior (Mummy Wanderer)            Turns: 54802, Time: 01:43:14

Health: 204/204    AC: 44    Str: 21 (24) XL:     24   Next: 76%
Magic:  26/26      EV: 10    Int: 17 (18) God:    Gozag
Gold:   4786       SH: 16    Dex:  9 (12) Spells: 26/27 levels left

rFire   + + .        Z - +6 broad axe of the Wilderness {vamp, Stlth+}
rCold   + . .        U - +5 kite shield {rF+}
rNeg    + + +        u - +8 orange crystal plate armour {Archmagi, Int+3 Clar}
rPois   ∞            q - +0 helmet "Ichab" {Will+++ Regen+ Str-3 Stlth+}
rElec   +            Q - scarf "Gigor" {repulsion, rF+ rN+ Int+3 Dex-2}
rCorr   .            Y - +2 pair of gloves {Dex+3}
SInv    .            E - +2 pair of boots {rampage}
Will    +++++        C - necklace of Bloodlust {Fury *Rage Will++ Int-3 Slay+6} Stlth
                     I - ring of Bagrahutz {rElec rF+ Int+4}
HPRegen 1.34/turn    v - +5 ring of evasion
MPRegen 0.20/turn

%: repel missiles, clarity, rampage, faith, archmagi
@: no status effects
A: cold resistance 1, negative energy resistance 3, torment resistance 2, heat
vulnerability 1, in touch with death 2, no potions, faith
0: Orb of Zot
}: 3/15 runes: serpentine, barnacled, silver
a: Renounce Religion, Potion Petition, Call Merchant, Bribe Branch


You escaped.
You worshipped Gozag.
Gozag was most pleased with you.
You visited 9 branches of the dungeon, and saw 45 of its levels.
You visited 2 bazaars.
You also visited: Gauntlet and Ice Cave.

You collected 29110 gold pieces.
You spent 7763 gold pieces at shops.
You paid 16561 gold pieces to Gozag.

Inventory:

Hand Weapons
 F - a +9 broad axe of flaming
   (You took it off Urug on level 10 of the Dungeon)
 Z - the +6 broad axe of the Wilderness (weapon) {vamp, Stlth+}
   (You took it off a vault guard on level 5 of the Vaults)

   Stlth+:    It makes you more stealthy.
Missiles
 f - 10 throwing nets (quivered)
 M - 68 boomerangs
 O - 13 silver javelins
 P - 37 javelins
 T - 5 curare-tipped darts
Armour
 q - the +0 helmet "Ichab" (worn) {Will+++ Regen+ Str-3 Stlth+}
   (You found it on level 4 of the Dungeon)

   Str-3:     It affects your strength (-3).
   Will+++:   It greatly increases your willpower.
   Regen+:    It increases your rate of health regeneration.
   Stlth+:    It makes you more stealthy.
 u - the +8 orange crystal plate armour (worn) {Archmagi, Int+3 Clar}
   (You bought it in a shop on level 3 of the Vaults)

   Int+3:     It affects your intelligence (+3).
   Clar:      It protects you from confusion, rage, mesmerisation and fear.
 E - a +2 pair of boots of rampaging (worn)
   (You found it on level 10 of the Dungeon)
 Q - the scarf "Gigor" (worn) {repulsion, rF+ rN+ Int+3 Dex-2}
   (You bought it in a shop in a bazaar)

   Int+3:     It affects your intelligence (+3).
   Dex-2:     It affects your dexterity (-2).
   rF+:       It protects you from fire.
   rN+:       It protects you from negative energy.
 U - a +5 kite shield of fire resistance (worn)
   (You took it off a naga warrior on level 1 of the Snake Pit)
 W - the +2 pair of gloves "Yckaripp" {rPois rC+ MP+9}
   (You found it on level 5 of the Vaults)

   rC+:       It protects you from cold.
   rPois:     It protects you from poison MP+9: It affects your magic capacity
   (+9).
 Y - a +2 pair of gloves of dexterity (worn)
   (You found it on level 10 of the Dungeon)
Jewellery
 d - the ring "Jimun" {Fire Str+6 Dex+2}
   (You found it on level 13 of the Dungeon)

   [ring of fire]

   Fire:      It enhances your fire magic.
   Str+6:     It affects your strength (+6).
   Dex+2:     It affects your dexterity (+2).
   rF+:       It protects you from fire.
   rC-:       It makes you vulnerable to cold.
 i - a ring of see invisible
   (You took it off a deep elf annihilator on level 3 of the Depths)
 o - the ring of Zow Zoy {rF+ rC+ Dex+3 Stlth+}
   (You found it in an ice cave)

   [ring of protection from cold]

   Dex+3:     It affects your dexterity (+3).
   rF+:       It protects you from fire.
   rC+:       It protects you from cold.
   Stlth+:    It makes you more stealthy.
 p - a ring of protection from fire
   (You took it off a yaktaur on level 5 of the Vaults)
 v - a +5 ring of evasion (right hand)
   (You bought it in a shop on level 2 of the Orcish Mines)
 C - the necklace of Bloodlust (around neck) {Fury *Rage Will++ Int-3 Slay+6}
   (You found it in a Gauntlet)

   [amulet of nothing]

   Fury:      It extends the wearer's berserk rage when killing foes.
   Int-3:     It affects your intelligence (-3).
   Slay+6:    It affects your accuracy & damage with ranged weapons and melee
   (+6).
   Will++:    It greatly increases your willpower.
   *Rage:     It berserks you when you make melee attacks (+50% chance).
 I - the ring of Bagrahutz (left hand) {rElec rF+ Int+4}
   (You acquired it on level 3 of the Depths)

   [ring of protection from fire]

   Int+4:     It affects your intelligence (+4).
   rF+:       It protects you from fire.
   rElec:     It insulates you from electricity.
 S - the ring of Music {Fly AC+4 Str+4 Int-4 Dex+3}
   (You bought it in a shop on level 2 of the Orcish Mines)

   [ring of protection]

   AC+4:      It affects your AC (+4).
   Str+4:     It affects your strength (+4).
   Int-4:     It affects your intelligence (-4).
   Dex+3:     It affects your dexterity (+3).
   Fly:       It grants you flight.
Wands
 c - a wand of polymorph (13)
   (You took it off a merfolk siren on level 4 of the Shoals)
 e - a wand of digging (14)
   (You found it on level 5 of the Lair of Beasts)
 g - a wand of flame (54)
   (You found it on level 1 of the Snake Pit)
 s - a wand of mindburst (35)
   (You found it on level 13 of the Dungeon)
 B - a wand of quicksilver (12)
   (You found it on level 11 of the Dungeon)
 K - a wand of paralysis (11)
   (You found it on level 3 of the Shoals)
 R - a wand of roots (34)
   (You bought it in a shop on level 2 of the Orcish Mines)
Scrolls
 a - 2 scrolls of brand weapon
 b - 9 scrolls of vulnerability
 j - 7 scrolls of fog
 l - 4 scrolls of immolation
 n - 9 scrolls of poison
 r - a scroll of silence
 t - 13 scrolls of teleportation
 w - 3 scrolls of summoning
 y - 5 scrolls of enchant armour
 z - 5 scrolls of blinking
 A - 2 scrolls of torment
 X - a scroll of fear
Miscellaneous
 h - a condenser vane
   (You found it on level 2 of the Snake Pit)
 D - a lightning rod (4/4)
   (You found it in a Gauntlet)
 J - a phantom mirror
   (You found it on level 2 of the Shoals)
 L - a phial of floods
   (You found it on level 4 of the Shoals)


   Skills:
 - Level 20.0 Fighting
 - Level 17.9(18.0) Axes
 - Level 2.0(11.9) Maces & Flails
 - Level 1.0(11.7) Polearms
 + Level 18.8 Throwing
 - Level 20.0 Armour
 - Level 13.0 Shields
 - Level 2.0 Spellcasting
 - Level 3.0 Necromancy
 - Level 1.0 Invocations
 - Level 8.0 Evocations


You had 26 spell levels left.
You knew the following spells:

 Your Spells              Type           Power      Damage    Failure   Level
a - Necrotise             Necr           100%       1d9       91%         1

Your spell library contained the following spells:

 Spells                   Type           Power      Damage    Failure   Level
 Kiss of Death            Conj/Necr      88%        2d12      99%         1
 Apportation              Tloc           4%         N/A       100%        1
 Foxfire                  Conj/Fire      8%         2x1d4     100%        1
 Shock                    Conj/Air       8%         1d3       100%        1
 Sting                    Tmut/Pois      8%         1d3       100%        1
 Ensorcelled Hibernation  Hex/Ice        4%         N/A       100%        2
 Jinxbite                 Hex            4%         N/A       100%        2
 Lesser Beckoning         Tloc           4%         N/A       100%        2
 Passwall                 Tmut/Erth      1%         N/A       100%        2
 Poisonous Vapours        Pois/Air       4%         N/A       100%        2
 Scorch                   Fire           4%         2d5       100%        2
 Searing Ray              Conj           4%         2d4       100%        2
 Call Canine Familiar     Summ           2%         N/A       100%        3
 Gell's Gravitas          Tloc           2%         N/A       100%        3
 Ignite Poison            Fire/Tmut/Pois 2%         N/A       100%        3
 Inner Flame              Hex/Fire       2%         N/A       100%        3
 Mephitic Cloud           Conj/Pois/Air  2%         N/A       100%        3
 Ozocubu's Armour         Ice            2%         N/A       100%        3
 Sigil of Binding         Hex            2%         N/A       100%        3
 Swiftness                Air            2%         N/A       100%        3
 Teleport Other           Tloc           2%         N/A       100%        3
 Airstrike                Air            1%         2d(1-17)  100%        4
 Anguish                  Hex/Necr       11%        N/A       100%        4
 Animate Armour           Summ/Erth      4%         N/A       100%        4
 Cause Fear               Hex            1%         N/A       100%        4
 Dimensional Bullseye     Hex/Tloc       1%         N/A       100%        4
 Dispel Undead            Necr           40%        3d16      100%        4
 Flame Wave               Conj/Fire      2%         2d4       100%        4
 Leda's Liquefaction      Hex/Erth       1%         N/A       100%        4
 Olgreb's Toxic Radiance  Pois           2%         N/A       100%        4
 Sticky Flame             Conj/Fire      2%         2d3       100%        4
 Summon Lightning Spire   Summ/Air       2%         N/A       100%        4
 Vhi's Electric Charge    Tloc/Air       4%         N/A       100%        4
 Alistair's Intoxication  Tmut/Pois      1%         N/A       100%        5
 Arcjolt                  Conj/Air       1%         1d11      100%        5
 Borgnjor's Vile Clutch   Necr/Erth      11%        N/A       100%        5
 Fireball                 Conj/Fire      1%         3d3       100%        5
 Freezing Cloud           Conj/Ice/Air   1%         6-21      100%        5
 Iskenderun's Battlesphe  Conj           2%         2d6       100%        5
 Lee's Rapid Deconstruct  Erth           1%         3d4*      100%        5
 Yara's Violent Unravell  Hex/Tmut       1%         3d3       100%        5
 Bombard                  Conj/Erth      1%         9d1       100%        6
 Eringya's Noxious Bog    Tmut/Pois      1%         4d6       100%        6
 Plasma Beam              Fire/Air       1%         2x1d11    100%        6
 Summon Cactus Giant      Summ           1%         N/A       100%        6
 Enfeeble                 Hex            1%         N/A       100%        7
 Haunt                    Necr/Summ      11%        N/A       100%        7
 Ozocubu's Refrigeration  Ice            1%         4d7       100%        7
 Spellforged Servitor     Conj/Summ      1%         N/A       100%        7
 Discord                  Hex            1%         N/A       100%        8
 Ignition                 Fire           1%         3d3       100%        8
 Summon Horrible Things   Summ           1%         N/A       100%        8
 Chain Lightning          Conj/Air       1%         3d1       100%        9
 Dragon's Call            Summ           1%         N/A       100%        9
 Fire Storm               Conj/Fire      1%         7d1       100%        9
 Shatter                  Erth           1%         3d5*      100%        9
 Borgnjor's Revivificati  Necr           Unusable   N/A       N/A         8
 Death's Door             Necr           Unusable   N/A       N/A         9

Dungeon Overview and Level Annotations

Branches:
Dungeon (15/15)            Temple (1/1) D:5            Lair (5/5) D:10
 Shoals (4/4) Lair:2        Snake (4/4) Lair:2        Slime (0/5) Lair:4
    Orc (2/2) D:10            Elf (0/3) Orc:2        Vaults (5/5) D:13
  Crypt (0/3) Vaults:2     Depths (4/4) D:15            Zot (5/5) Depths:4
  IceCv (visited)         Gauntlet (visited)

Altars:
Ashenzari
Cheibriados
Dithmenos
Fedhas
Gozag
Hepliaklqana
Kikubaaqudgha
Makhleb
Nemelex Xobeh
Okawaru
Qazlal
Ru
Sif Muna
Trog
Uskayaw
Vehumet
Wu Jian
Xom
Yredelemnul
Jiyva
Lugonu

Shops:
D:1 *=*   D:2 ?   D:5 :   D:6 ?   Orc:2 **[=?   Shoals:2 =(((   Vaults:3 [[
Depths:3 *   Depths:4 ?

Portals:
Hell: Depths:1 Depths:2 Depths:3 Depths:4
Abyss: Zot:4 Depths:2 Depths:3
Pandemonium: Depths:2 Depths:3
Ziggurat: Depths:3
Trove: D:14 (give +3 gold dragon scales)

Annotations:
D:6 Jeremiah
D:9 exclusion: moth of wrath
Lair:5 Rupert
Orc:1 1 runed translucent door, Izoim's ghost, journeyman DgGl
Vaults:2 36 runed doors
Depths:1 4 transporters
Zot:4 3 runed translucent doors, Emnejil's ghost, master VSBe


Innate Abilities, Weirdness & Mutations

You are immune to poison.
Your flesh is cold resistant. (rC+)
You are immune to negative energy. (rN+++)
You are immune to unholy pain and torment.
You are vulnerable to heat. (rF-)
You are strongly in touch with the powers of death.
You do not drink.
You have a special connection with the divine. (Faith)


Message History

You rampage towards the ynoxinul!
You slash the ynoxinul!
The ynoxinul is heavily wounded.
You block the ynoxinul's attack.
You barely miss the ynoxinul.
The ynoxinul is heavily wounded.
You block the ynoxinul's attack.
You slash the ynoxinul!
The ynoxinul is almost dead.
The ynoxinul hits you but does no damage.
You hit the ynoxinul.
You kill the ynoxinul!
A hellion comes into view.
You see here 6 gold pieces.
The hellion gestures at you.
The sphere of damnation explodes!
The damnation engulfs you!!
Things that are here:
5 gold pieces; a +1 sacred scourge of holy wrath; a +0 robe The hellion is distracted by your dazzling golden aura.
The hellion is no longer distracted by gold.
The hellion gestures at you.
The sphere of damnation explodes!
The damnation engulfs you!!
You slash the hellion!
The hellion is moderately wounded.
You block the hellion's attack.
You closely miss the hellion.
The hellion is moderately wounded.
You block the hellion's attack.
You slash the hellion!
The hellion is severely wounded.
The hellion gestures at you.
The sphere of damnation explodes!
The damnation engulfs you!
The damnation engulfs the hellion.
The hellion completely resists.
You slice the hellion!!
You kill the hellion!
No target in view!
No target in view!
f - 8 throwing nets (gained 1);
O - 13 silver javelins (gained 5)
f - 10 throwing nets (gained 2)
There is a stone staircase leading up here.
You climb upwards.
There is a stone staircase leading down here.
Items here: " [[[.
What level of the Dungeon? (default 1, ? - help) HP restored.
There is a stone staircase leading up here.
You climb upwards.
Level annotation: exclusion: moth of wrath
There is a stone staircase leading down here.
There is an open door here.
There is an open door here.
There is a stone staircase leading up here.
You climb upwards.
There is a stone staircase leading down here.
You see here a +0 whip.
Things that are here:
8 stones; a +0 club; a +0 whip
There is an open door here.
There is a stone staircase leading up here.
You climb upwards.
There is a stone staircase leading down here.
There is a stone staircase leading up here.
You climb upwards.
Level annotation: Jeremiah
There is a stone staircase leading down here.
There is an entrance to Zutets's Magic Scroll Boutique here.
There is a stone staircase leading up here.
You climb upwards.
There is a stone staircase leading down here.
There is a stone staircase leading up here.
You climb upwards.
There is a stone staircase leading down here.
There is a stone staircase leading up here.
You climb upwards.
There is a stone staircase leading down here.
There is a stone staircase leading up here.
You climb upwards.
There is a stone staircase leading down here.
There is a stone staircase leading up here.
You climb upwards.
There is a stone staircase leading down here.
You see here a puce potion.
A glowing orange brain comes into view.
Unknown command.
You rampage towards the glowing orange brain!
You rampage towards the glowing orange brain!
You slash the glowing orange brain!
The glowing orange brain is moderately wounded.
You slice the glowing orange brain like a ripe choko!!!
The glowing orange brain is almost dead.
The glowing orange brain pulsates.
You slash the glowing orange brain!
You kill the glowing orange brain!
The bat dissolves into shadows!
The dart slug dissolves into shadows!
No target in view!
You now have 4786 gold pieces (gained 6).
A smoke demon comes into view.
There is a staircase leading out of the dungeon here.
There is a staircase leading out of the dungeon here.
Enter note: gg You have escaped!

#.............................
#.............................
#...######..####.####...######
####.).# #..# #.# ##...###
...#...# #..# #.# #......#
####...# ####..####(###......#
...#...# #........#..........####
####...###........[..............
####............@.#####......####
...#.Z.###........# #####..#
.###...# #####..### #..# .#
#...#######..###########..####
.###...................).........
...#.............................
..#################.#############
..#.#.##............3.....# #.#
..#.#.##.#.#..########...## #.#


There were no monsters in sight!

Vanquished Creatures
  2 dread liches (Vaults:5)
  3 ancient liches
  Sojobo (Vaults:4)
  Bai Suzhen (Depths:2)
  Vv (Depths:4)
  Frederick (Depths:4)
  Margery (Vaults:4)
  4 curse toes
  9 golden dragons
  A bone dragon (Depths:4)
  Norris (Depths:2)
  An electric golem (Zot:3)
  2 hellephants (Depths:4)
  An Ice Fiend (Zot:5)
  5 Orb Guardians (Zot:5)
  9 tentacled monstrosities
  5 titans (Vaults:5)
  4 liches
  A deep elf blademaster (Depths:2)
  2 ancient champions (Depths:3)
  4 quicksilver dragons
  2 sphinxes
  2 krakens
  4 death cobs
  The ghost of Guam the Warrior, an adept HOMo of Beogh (Depths:2)
  Aizul (Vaults:4)
  10 tengu reavers
  6 nagarajas
  9 storm dragons
  5 shadow dragons
  Ilsuiw (Shoals:3)
  2 draconian knights
  6 fire giants
  Donald (Shoals:3)
  A deep elf sorcerer (Vaults:5)
  An iron dragon (Depths:3)
  2 draconian monks (Zot:4)
  A draconian scorcher (Zot:3)
  A ghost moth (Zot:3)
  4 orc warlords
  An angel (D:11)
  16 vault wardens
  4 spectral caustic shrikes (Depths:2)
  8 frost giants
  4 draconian shifters
  3 war gargoyles
  A draconian stormcaller (Zot:4)
  2 reapers (IceCv)
  2 draconian annihilators
  16 stone giants
  25 very ugly things
  9 ironbound thunderhulks
  27 ironbound preservers
  6 green draconians (Zot:4)
  8 vampire knights
  7 yellow draconians
  4 dire elephants
  9 white draconians
  A minotaur (Gauntlet)
  18 spark wasps
  6 black draconians
  2 deep elf annihilators
  5 purple draconians
  8 red draconians
  A green death (Depths:2)
  7 merfolk impalers
  15 ettins
  10 fire dragons
  4 merfolk javelineers
  An entropy weaver (Vaults:3)
  A deep elf death mage (Depths:3)
  2 quicksilver dragon zombies
  4 ice dragons
  13 yaktaur captains
  A crystal guardian (Vaults:3)
  5 great orbs of eyes
  4 deep elf high priests
  4 rakshasas
  2 peacekeepers (Vaults:3)
  A spectral tengu (Depths:2)
  39 vault guards
  2 salamander tyrants (Snake:4)
  3 caustic shrike simulacra (IceCv)
  2 spriggan air magi
  A spectral sphinx (Depths:2)
  A spectral spriggan (Depths:2)
  3 catoblepae (Lair:5)
  A hydra (Lair:2)
  A juggernaut simulacrum (Depths:2)
  11 anacondas
  11 ironbound frosthearts
  11 ogre magi
  2 death knights
  3 boulder beetles
  5 merfolk aquamancers
  5 merfolk avatars
  6 centaur warriors
  Erica (Orc:1)
  A sphinx zombie (Vaults:5)
  3 alligator snapping turtles
  26 two-headed ogres
  9 hell hogs (Depths:4)
  13 naga warriors
  2 vampire magi (D:15)
  12 death yaks
  2 satyrs (Shoals:3)
  13 deep troll shamans
  3 occultists (Depths:3)
  5 tengu warriors
  9 deep troll earth magi
  4 shock serpents
  16 naga sharpshooters
  5 spriggan berserkers
  10 hell knights
  Urug (D:10)
  Nergalle (Lair:2)
  2 deep elf knights (Depths:2)
  A soul eater (Depths:3)
  7 salamander mystics
  2 sun demons (Depths:2)
  12 iron trolls
  7 skysharks
  13 sea snakes
  3 skeletal warriors
  2 spark wasp zombies (D:15)
  Lodul (D:13)
  A flayed ghost (Depths:4)
  2 quicksilver dragon simulacra (Depths:2)
  A sixfirhy (Zot:1)
  79 deep trolls
  10 harpies
  2 obsidian statues (IceCv)
  3 glowing orange brains
  3 deep elf archers
  4 bog bodies
  3 lindwurms
  A spriggan simulacrum (Depths:3)
  7 arcanists
  14 naga ritualists
  6 phantasmal warriors
  A shadow dragon zombie (Vaults:5)
  16 ironbound convokers
  8 necromancers
  43 ugly things
  13 mana vipers
  A tengu skeleton (Vaults:2)
  8 orc knights
  An iron dragon zombie (Depths:3)
  22 fauns
  8 cyclopes
  A shadow dragon skeleton (Vaults:4)
  15 salamanders
  6 moths of wrath
  23 manticores
  A stone giant skeleton (Vaults:2)
  46 black mambas
  2 fire giant skeletons
  An apocalypse crab (Gauntlet)
  10 merfolk sirens
  20 naga magi
  3 smoke demons
  5 water nymphs
  19 elephants
  2 gargoyles
  2 kobold blastminers
  A frost giant skeleton (Vaults:2)
  A minotaur zombie (Gauntlet)
  12 cane toads
  20 vault sentinels
  A cane toad (shapeshifter) (D:14)
  3 unseen horrors
  3 kobold demonologists
  26 yaktaurs
  A hellion (D:11)
  8 komodo dragons
  An unseen horror (shapeshifter) (D:14)
  3 rime drakes
  2 efreet
  2 golden dragon simulacra
  A tormentor (Depths:3)
  7 tengu conjurers
  An anaconda simulacrum (IceCv)
  An ice devil (IceCv)
  10 freezing wraiths
  10 trolls
  A spectral glowing shapeshifter (Depths:2)
  2 polar bears
  25 merfolk
  2 hornets (Depths:2)
  A queen bee (Gauntlet)
  A tengu simulacrum (Depths:2)
  7 wind drakes
  3 meliai
  A deep troll zombie (Vaults:2)
  11 snapping turtles
  6 dream sheep
  14 blink frogs
  An iron dragon simulacrum (Depths:2)
  43 slime creatures
  A frost giant simulacrum (Vaults:2)
  An ettin zombie (Vaults:4)
  3 spriggans
  2 shadows
  16 water elementals
  A dire elephant simulacrum (IceCv)
  A vampire (D:11)
  A ynoxinul (D:11)
  3 basilisks
  An ettin skeleton (Vaults:5)
  5 wraiths
  An elf simulacrum (Vaults:2)
  48 yaks
  5 wyverns
  3 humans (D:13)
  A steam dragon (D:7)
  A redback (Vaults:3)
  9 vampire mosquitoes
  A yaktaur simulacrum (Vaults:2)
  48 nagas
  4 wargs
  3 acid dragons
  12 water moccasins
  5 hydra simulacra (IceCv)
  Duvessa (D:4)
  An ogre skeleton (Vaults:5)
  An ettin simulacrum (IceCv)
  2 ice beasts
  2 black bears
  A hornet zombie (D:8)
  8 orc warriors
  36 ogres
  18 wolves
  A boggart (Vaults:1)
  8 centaurs
  3 phantoms (D:6)
  6 kobold brigands
  A wyvern zombie (D:8)
  9 bullfrogs
  4 necrophages
  A deep troll simulacrum (IceCv)
  A glowing shapeshifter simulacrum (Depths:2)
  A gnoll sergeant (D:7)
  16 wights
  Dowan (D:4)
  8 killer bees
  A lindwurm simulacrum (IceCv)
  2 electric eels
  A howler monkey (D:9)
  A centaur zombie (D:8)
  8 jellies
  A gnoll bouda (D:10)
  A hound (D:5)
  3 human zombies
  13 orc priests
  12 human skeletons (Vaults:3)
  Ijyb (D:3)
  9 iguanas
  2 sleepcaps
  14 orc wizards
  2 killer bee zombies (D:8)
  A hound skeleton (D:7)
  3 gnolls (D:10)
  7 adders
  4 white imps
  2 ufetubi (D:7)
  5 worms
  3 dart slugs
  39 orcs
  7 ball pythons
  9 endoplasms
  4 giant cockroaches
  7 goblins
  9 hobgoblins
  A hobgoblin (shapeshifter) (Vaults:5)
  2 jackals (D:3)
  2 kobolds (shapeshifter) (Vaults:5)
  40 kobolds
  3 quokkas
  6 bats
  4 frilled lizards
  11 rats
  A butterfly (D:9)
  A lurking horror (Zot:4)
  5 tentacles
1877 creatures vanquished.

Vanquished Creatures (collateral kills)
  A dread lich (Zot:5)
  A Killer Klown (Zot:5)
  A golden dragon (Zot:4)
  2 electric golems (Zot:5)
  An Orb Guardian (Zot:5)
  A shadow dragon (Zot:4)
  A frost giant (Depths:1)
  A ghost moth (Zot:5)
  A draconian shifter (Zot:4)
  A very ugly thing (Depths:1)
  A demonspawn black sun (Zot:5)
  A spark wasp (Depths:1)
  A soul eater (Zot:5)
  A deep troll (Vaults:4)
  A salamander (Depths:1)
16 creatures vanquished.

Vanquished Creatures (others)
  2 dread liches (Zot:5)
  2 orbs of fire (Zot:5)
  A Killer Klown (Zot:5)
  9 Orb Guardians (Zot:5)
  2 tentacled monstrosities (Zot:5)
  A draconian scorcher (Zot:5)
  A draconian stormcaller (Zot:5)
  3 green draconians (Zot:5)
  A red draconian (Zot:5)
  2 moths of wrath (Zot:5)
  A black mamba (Snake:1)
  An ogre (Orc:1)
  A kobold (D:14)
  18 tentacles
45 creatures vanquished.

Grand Total: 1938 creatures vanquished

Notes
Turn   | Place    | Note
-------+----------+-------------------------------------------
     0 | D:1      | Flugkiller the Mummy Wanderer began the quest for the Orb.
     0 | D:1      | Flugkiller set off with the following items: a +1 spear, a
                  | scroll of fear, a +0 leather armour; and the following
                  | spells available to memorise: Necrotise, Kiss of Death,
                  | Dispel Undead.
     0 | D:1      | Reached XP level 1. HP: 15/15 MP: 2/2
     2 | D:1      | Learned a level 1 spell: Necrotise
    89 | D:1      | Found Peaclas's Assorted Antiques.
   327 | D:1      | Bought a scroll labelled MOASAZ FORI for 25 gold pieces
   332 | D:1      | Reached XP level 2. HP: 22/22 MP: 1/4
   620 | D:1      | Found Seugofy's Jewellery Shop.
   693 | D:1      | Found a faded altar of an unknown god.
   740 | D:1      | Prayed at the altar of an unknown god.
   740 | D:1      | Became a worshipper of Gozag Ym Sagoz the Greedy
   845 | D:1      | Found Biosiep's General Store.
   927 | D:1      | Reached skill level 1 in Maces & Flails
  1290 | D:2      | Reached XP level 3. HP: 26/27 MP: 6/6
  1523 | D:2      | Identified the ring "Trusted Companion" {Fire rPois Int-4
                  | Dex+3}
  1697 | D:2      | Found a blossoming altar of Fedhas.
  1815 | D:2      | Found The Oracle's Delphic Readings.
  1856 | D:2      | Reached XP level 4. HP: 26/34 MP: 7/7
  1999 | D:1      | Bought a +2 war axe of freezing for 201 gold pieces
  2113 | D:3      | Noticed Ijyb
  2153 | D:3      | Killed Ijyb
  2154 | D:3      | Reached skill level 1 in Axes
  2322 | D:3      | Reached XP level 5. HP: 38/41 MP: 8/8
  3003 | D:1      | Bought a scroll labelled XANYMM NETAU for 25 gold pieces
  3003 | D:1      | Bought a scroll labelled XANYMM NETAU for 25 gold pieces
  3279 | D:4      | Reached XP level 6. HP: 46/48 MP: 9/9
  3441 | D:4      | Noticed Dowan
  3441 | D:4      | Noticed Duvessa
  3457 | D:4      | Killed Duvessa
  3464 | D:4      | Killed Dowan
  3630 | D:4      | Identified the +0 helmet "Ichab" {Will+++ Regen+ Str-3
                  | Stlth+}
  3888 | D:4      | Reached XP level 7. HP: 54/54 MP: 10/10
  4390 | D:1      | Bought a scroll of enchant armour for 82 gold pieces
  4444 | D:5      | Entered Level 5 of the Dungeon
  4497 | D:5      | Found a staircase to the Ecumenical Temple.
  4550 | Temple   | Entered the Ecumenical Temple
  4657 | D:5      | Found Inguah's Book Boutique.
  5291 | D:6      | Reached XP level 8. HP: 41/61 MP: 11/11
  5368 | D:6      | Found a hide-covered altar of Uskayaw.
  5432 | D:6      | Found a hazy altar of Hepliaklqana.
  5447 | D:6      | Reached skill level 5 in Fighting
  5697 | D:6      | Found Zutets's Magic Scroll Boutique.
  5704 | D:6      | Bought a scroll of enchant armour for 82 gold pieces
  5958 | D:7      | Noticed Jeremiah
  6132 | D:7      | You fall into a shaft and drop 3 floors!
  6132 | D:10     | Entered Level 10 of the Dungeon
  6174 | D:9      | Reached skill level 5 in Axes
  6264 | D:9      | Reached skill level 5 in Armour
  6274 | D:9      | Reached XP level 9. HP: 55/69 MP: 12/12
  6560 | D:8      | Found an ancient bone altar of Kikubaaqudgha.
  7077 | D:7      | Reached XP level 10. HP: 76/79 MP: 13/13
  7176 | D:7      | Identified the +1 robe of the Vaults {rCorr}
  7374 | D:7      | Found a burning altar of Makhleb.
  7461 | D:7      | Noticed a gargoyle
  7619 | D:7      | Noticed a gargoyle
  7704 | D:8      | Identified the +3 leather armour of Cowardice {rElec Will-
                  | Dex+8}
  7815 | D:8      | Found a shimmering altar of Xom.
  8044 | D:8      | Found an ornate altar of the Wu Jian Council.
  8303 | D:8      | Found a snail-covered altar of Cheibriados.
  8567 | D:9      | Noticed a two-headed ogre
  8579 | D:9      | Killed a two-headed ogre
  8663 | D:9      | Found the +7 Throatcutter {drain, coup de grace}
  8780 | D:9      | Found a broken altar of Ashenzari.
  9078 | D:9      | Noticed a moth of wrath
  9083 | D:9      | Found a bloodstained altar of Trog.
  9785 | D:10     | Found a stormy altar of Qazlal.
  9994 | D:10     | Found a staircase to the Orcish Mines.
 10274 | D:9      | Found a broken altar of Ashenzari.
 10366 | D:9      | Reached XP level 11. HP: 50/87 MP: 14/14
 11041 | D:10     | Found a staircase to the Lair.
 11936 | D:11     | Found a gate leading to a gauntlet.
 11945 | Gauntlet | Entered a Gauntlet
 11945 | Gauntlet | Found a transporter.
 11953 | Gauntlet | Found a transporter.
 11955 | Gauntlet | Found a transporter.
 11955 | Gauntlet | Noticed a fire crab
 11964 | Gauntlet | Found a transporter.
 11978 | Gauntlet | Found a transporter.
 11983 | Gauntlet | Found a transporter.
 12004 | Gauntlet | Found a transporter.
 12017 | Gauntlet | Found a transporter.
 12027 | Gauntlet | Noticed an entropy weaver
 12029 | Gauntlet | Found a transporter.
 12029 | Gauntlet | Noticed a wolf spider
 12033 | Gauntlet | Noticed a wolf spider
 12041 | Gauntlet | Found a transporter.
 12052 | Gauntlet | Found the necklace of Bloodlust {Fury *Rage Will++ Int-3
                  | Slay+6}
 12053 | Gauntlet | Found a transporter.
 12065 | Gauntlet | Found a transporter.
 12082 | Gauntlet | Found a transporter.
 12082 | Gauntlet | Found a transporter.
 12102 | Gauntlet | Found a transporter.
 12122 | Gauntlet | Found a transporter.
 12219 | Gauntlet | Found a transporter.
 12219 | Gauntlet | Noticed a soul eater
 12246 | Gauntlet | Found a transporter.
 12402 | Gauntlet | Reached skill level 10 in Axes
 12494 | Gauntlet | Noticed a minotaur
 12513 | Gauntlet | Killed a minotaur
 12519 | Gauntlet | Identified the ring "Diduex" {Wiz rN+ Will+ rCorr}
 12519 | Gauntlet | Identified the +2 ring mail "Penishrep" {Fly rN+ Regen+
                  | Str-3}
 13131 | D:11     | Noticed a two-headed ogre
 13181 | D:11     | Killed a two-headed ogre
 13287 | Lair:1   | Entered Level 1 of the Lair of Beasts
 13549 | Lair:1   | Reached skill level 10 in Fighting
 13582 | Lair:1   | Reached XP level 12. HP: 85/97 MP: 15/15
 14256 | Lair:2   | Noticed Nergalle
 14269 | Lair:2   | Killed Nergalle
 14400 | Lair:2   | Noticed a death yak
 14400 | Lair:2   | Noticed a death yak
 14413 | Lair:2   | Noticed a death yak
 14413 | Lair:2   | Noticed a death yak
 14419 | Lair:2   | Killed a death yak
 14424 | Lair:2   | Killed a death yak
 14435 | Lair:2   | Noticed a death yak
 14436 | Lair:2   | Noticed a death yak
 14480 | Lair:2   | Noticed an eight-headed hydra
 14490 | Lair:2   | Killed a nine-headed hydra
 14556 | Lair:2   | Found a staircase to the Snake Pit.
 14830 | Lair:2   | Killed a death yak
 14842 | Lair:2   | Killed a death yak
 14853 | Lair:2   | Killed a death yak
 15039 | Lair:2   | Found a staircase to the Shoals.
 15218 | Lair:2   | Gained mutation: You are strongly in touch with the powers
                  | of death. [Mummy growth]
 15218 | Lair:2   | Reached XP level 13. HP: 92/106 MP: 16/16
 16031 | Lair:3   | Found a hide-covered altar of Uskayaw.
 16032 | Lair:3   | Found an ornate altar of the Wu Jian Council.
 16640 | Lair:4   | Found a staircase to the Slime Pits.
 16659 | Lair:4   | Found a viscous altar of Jiyva.
 16661 | Lair:4   | Reached skill level 10 in Armour
 17334 | Lair:5   | Entered Level 5 of the Lair of Beasts
 17334 | Lair:5   | Noticed Rupert
 18036 | Lair:5   | Found a sacrificial altar of Ru.
 18327 | Lair:5   | Reached XP level 14. HP: 100/116 MP: 17/17
 18960 | D:12     | Found a flickering gateway to a bazaar.
 18978 | Bazaar   | Entered a bazaar
 18991 | Bazaar   | Found Gosio's Book Shoppe.
 18994 | Bazaar   | Found Mojule's Book Shoppe.
 19004 | Bazaar   | Found Jylaufa's Armour Emporium.
 19014 | Bazaar   | Found Micuasytz's Assorted Antiques.
 19022 | Bazaar   | Bought a glowing battleaxe for 228 gold pieces
 19022 | Bazaar   | Bought a pearl ring for 120 gold pieces
 19032 | Bazaar   | Bought a +3 chain mail of fire resistance for 397 gold
                  | pieces
 20336 | D:13     | Identified the ring "Jimun" {Fire Str+6 Dex+2}
 20560 | D:13     | Noticed Lodul
 20613 | D:13     | Killed Lodul
 20614 | D:13     | Reached skill level 15 in Axes
 20780 | D:13     | Identified the +0 helmet of Packoeps {rC+ Will+ rCorr}
 21316 | D:13     | Reached skill level 5 in Evocations
 21965 | D:14     | Reached XP level 15. HP: 90/124 MP: 18/18
 22029 | D:14     | Found a portal to a secret trove of treasure.
 22466 | D:15     | Entered Level 15 of the Dungeon
 22501 | D:15     | Identified the +11 hand axe of the Salmon {venom, Int+4
                  | Stlth+}
 23143 | D:15     | Found a staircase to the Depths.
 23659 | Orc:1    | Entered Level 1 of the Orcish Mines
 23666 | Orc:1    | Noticed Urug
 23670 | Orc:1    | Noticed Erica
 23725 | D:10     | Killed Urug
 23756 | Orc:1    | Killed Erica
 23942 | Orc:2    | Entered Level 2 of the Orcish Mines
 24156 | Orc:2    | Found a staircase to the Elven Halls.
 24760 | Orc:2    | Found Gaighyen's Jewellery Shop.
 24760 | Orc:2    | Found Dydyv's Magic Scroll Shoppe.
 24761 | Orc:2    | Found Bosox's Assorted Antiques.
 24761 | Orc:2    | Found Utoog's General Store.
 24797 | Orc:2    | Bought a scroll of acquirement for 728 gold pieces
 24799 | Orc:2    | Acquired 1247 gold pieces
 25175 | Orc:2    | Bought a wand of roots (4) for 124 gold pieces
 25176 | Orc:2    | Bought a wand of roots (1) for 64 gold pieces
 25177 | Orc:2    | Bought the ring of Music {Fly AC+4 Str+4 Int-4 Dex+3} for
                  | 565 gold pieces
 25177 | Orc:2    | Bought a +5 ring of evasion for 396 gold pieces
 25284 | Orc:1    | Found a runed translucent door.
 25285 | Orc:1    | Noticed Izoim's ghost (journeyman DgGl)
 25428 | Orc:2    | Bought 3 scrolls of enchant weapon for 607 gold pieces
 25538 | D:6      | Bought a scroll of enchant weapon for 82 gold pieces
 25538 | D:6      | Bought a scroll of enchant weapon for 82 gold pieces
 25647 | Orc:2    | Bought a shiny plate armour for 858 gold pieces
 25769 | Shoals:1 | Entered Level 1 of the Shoals
 25875 | Snake:1  | Entered Level 1 of the Snake Pit
 26016 | Snake:1  | You fall into a shaft and drop 1 floor!
 26016 | Snake:2  | Noticed a nagaraja
 26024 | Snake:2  | Killed a nagaraja
 26105 | Snake:2  | Reached XP level 16. HP: 84/134 MP: 19/19
 26449 | Snake:1  | Found a frozen archway.
 26487 | IceCv    | Entered an ice cave
 26653 | IceCv    | Reached skill level 1 in Shields
 26936 | IceCv    | Identified the ring of Zow Zoy {rF+ rC+ Dex+3 Stlth+}
 27847 | Snake:2  | Found a snail-covered altar of Cheibriados.
 27973 | Snake:2  | Identified the +3 falchion of Pandemonium {vamp, rElec}
 28112 | Snake:2  | Reached skill level 15 in Fighting
 29332 | Snake:4  | Entered Level 4 of the Snake Pit
 29340 | Snake:4  | Reached XP level 17. HP: 134/142 MP: 12/20
 30094 | Snake:4  | Reached skill level 5 in Shields
 30231 | Snake:4  | Got a serpentine rune of Zot
 30838 | Shoals:1 | Noticed a kraken
 30918 | Shoals:1 | Killed a kraken
 30935 | Shoals:1 | Identified the +2 flail of Yesterday {pain, Fly rC++ Will+
                  | Stlth+}
 31453 | Shoals:2 | Found Roengyti's Antique Weapon Shoppe.
 31548 | Shoals:2 | Found Ykhliff's Weapon Shoppe.
 31744 | Shoals:2 | Found Luff's Antique Weapon Shop.
 31932 | Shoals:2 | Reached XP level 18. HP: 152/152 MP: 21/21
 32002 | Shoals:2 | Found Koyporak's Jewellery Boutique.
 32529 | Shoals:3 | Noticed Ilsuiw
 32821 | Shoals:3 | Killed Ilsuiw
 33055 | Shoals:4 | Entered Level 4 of the Shoals
 33055 | Shoals:4 | Noticed Donald
 33071 | Shoals:3 | Killed Donald
 33725 | Shoals:4 | Got a barnacled rune of Zot
 36043 | D:1      | Bought 4 boomerangs for 88 gold pieces
 36689 | D:13     | Reached skill level 1 in Throwing
 36705 | D:13     | Found a gate to the Vaults.
 36730 | Vaults:1 | Entered Level 1 of the Vaults
 36754 | Vaults:1 | You fall into a shaft and drop 1 floor!
 36974 | Vaults:2 | Reached skill level 15 in Armour
 36974 | Vaults:2 | Reached XP level 19. HP: 161/161 MP: 22/22
 37266 | Vaults:2 | Found the +5 woodcutter's axe
 37267 | Vaults:2 | Found a huge runed gate.
 37267 | Vaults:2 | Found a huge runed gate.
 37268 | Vaults:2 | Found a huge runed gate.
 37269 | Vaults:2 | Found a huge runed gate.
 37269 | Vaults:2 | Found a huge runed gate.
 37269 | Vaults:2 | Found a huge runed gate.
 37269 | Vaults:2 | Found a huge runed gate.
 37269 | Vaults:2 | Found a huge runed gate.
 37276 | Vaults:2 | Found a huge runed gate.
 37276 | Vaults:2 | Found a huge runed gate.
 37276 | Vaults:2 | Found a huge runed gate.
 37277 | Vaults:2 | Found a huge runed gate.
 37278 | Vaults:2 | Found a huge runed gate.
 37279 | Vaults:2 | Found a huge runed gate.
 37312 | Vaults:2 | Found a huge runed gate.
 37312 | Vaults:2 | Found a huge runed gate.
 37312 | Vaults:2 | Found a huge runed gate.
 37312 | Vaults:2 | Found a huge runed gate.
 37312 | Vaults:2 | Found a huge runed gate.
 37312 | Vaults:2 | Found a huge runed gate.
 37313 | Vaults:2 | Found a huge runed gate.
 37314 | Vaults:2 | Found a huge runed gate.
 37315 | Vaults:2 | Found a huge runed gate.
 37323 | Vaults:2 | Found a huge runed gate.
 37323 | Vaults:2 | Found a huge runed gate.
 37323 | Vaults:2 | Found a huge runed gate.
 37323 | Vaults:2 | Found a huge runed gate.
 37323 | Vaults:2 | Found a huge runed gate.
 37323 | Vaults:2 | Found a huge runed gate.
 37324 | Vaults:2 | Found a huge runed gate.
 37325 | Vaults:2 | Found a huge runed gate.
 37326 | Vaults:2 | Found a huge runed gate.
 37337 | Vaults:2 | Found a huge runed gate.
 37337 | Vaults:2 | Found a huge runed gate.
 37337 | Vaults:2 | Found a huge runed gate.
 37337 | Vaults:2 | Found a huge runed gate.
 37504 | Vaults:2 | Found a staircase to the Crypt.
 37504 | Vaults:2 | Found a basalt altar of Yredelemnul.
 37505 | Vaults:2 | Found an ancient bone altar of Kikubaaqudgha.
 38864 | Vaults:1 | Reached skill level 5 in Throwing
 39669 | Vaults:1 | Reached skill level 10 in Shields
 40046 | Vaults:3 | Found Wuytiuv's Armour Emporium.
 40153 | Vaults:3 | Reached XP level 20. HP: 165/172 MP: 23/23
 40255 | Vaults:3 | Found Ricvafo's Armour Emporium.
 40273 | Vaults:3 | Bought the +8 orange crystal plate armour {Archmagi, Int+3
                  | Clar} for 1878 gold pieces
 40273 | Vaults:3 | Found the +8 orange crystal plate armour {Archmagi, Int+3
                  | Clar}
 41160 | Vaults:4 | Noticed Margery
 41192 | Vaults:4 | Killed Margery
 41481 | Vaults:4 | Identified the serpent talisman "Umasiam" {rC+ rCorr Int+2
                  | SInv}
 41481 | Vaults:4 | Noticed Aizul
 41497 | Vaults:4 | Killed Aizul
 41754 | Vaults:4 | Noticed Sojobo
 41763 | Vaults:4 | Paralysed by an air elemental for 1 turns
 41768 | Vaults:4 | Paralysed by an air elemental for 1 turns
 41779 | Vaults:4 | Paralysed by an air elemental for 1 turns
 41786 | Vaults:4 | Killed Sojobo
 42533 | Depths:1 | Entered Level 1 of the Depths
 42544 | Depths:1 | Found a gateway to Hell.
 42980 | Depths:1 | Reached XP level 21. HP: 161/181 MP: 24/24
 43047 | Depths:1 | Found a transporter.
 43069 | Depths:1 | Found a transporter.
 43149 | Depths:1 | Found a transporter.
 43154 | Depths:1 | Found a transporter.
 43598 | Depths:2 | Found a one-way gate leading to the halls of Pandemonium.
 43958 | Depths:2 | Found a runed translucent gate.
 43960 | Depths:2 | Found a runed translucent gate.
 43970 | Depths:2 | Found a runed translucent gate.
 43982 | Depths:2 | Found a one-way gate to the infinite horrors of the Abyss.
 43989 | Depths:2 | Noticed Norris
 44008 | Depths:2 | Killed Norris
 44120 | Depths:2 | Noticed Guam's ghost (adept HOMo)
 44120 | Depths:2 | Noticed an ancient lich
 44424 | Depths:2 | Noticed Bai Suzhen
 44435 | Depths:2 | Killed Bai Suzhen
 45068 | Depths:2 | Found an iron altar of Okawaru.
 45134 | Depths:2 | Found the +8 Vampire's Tooth {megavamp}
 45707 | D:6      | Bought a scroll of silence for 104 gold pieces
 45707 | D:6      | Bought a scroll of silence for 104 gold pieces
 45921 | Depths:2 | Killed an ancient lich
 45927 | Depths:2 | Reached skill level 10 in Throwing
 45951 | Depths:2 | Killed Guam's ghost
 46027 | Depths:2 | Identified the amulet of Guef {Spirit Str+4 Int+8 Slay-2
                  | Stlth+}
 46036 | Depths:2 | Identified the +4 short sword of Leompia {speed, rPois rF+
                  | Will+ Int+2}
 46562 | Depths:3 | Reached XP level 22. HP: 148/190 MP: 25/25
 46785 | Depths:3 | Acquired the ring of Bagrahutz {rElec rF+ Int+4}
 46853 | Depths:3 | Acquired 1370 gold pieces
 46871 | Depths:3 | Identified the +2 robe of Umuy {*Corrode Will+ Regen+
                  | Dex+2}
 47060 | Depths:3 | Identified the +1 dire flail "Imitsek" {vamp, rN+ Will+
                  | MP+9}
 47139 | Depths:3 | Identified the +9 scale mail of the Disturbing Yaks {Fly
                  | rElec Regen+ SInv}
 47145 | Depths:3 | Got Amner's Grimoire of Friendly Bombardment
 47477 | Depths:3 | Found a one-way gateway to a ziggurat.
 47537 | Depths:3 | Found Nyniustur's Assorted Antiques.
 47554 | Depths:3 | Bought a scroll of blinking for 255 gold pieces
 47884 | Depths:4 | Entered Level 4 of the Depths
 47905 | Depths:4 | Noticed a golden dragon
 47913 | Depths:4 | Killed a golden dragon
 48005 | Depths:4 | Found a flickering gateway to a bazaar.
 48020 | Depths:4 | Noticed Frederick
 48024 | Bazaar   | Entered a bazaar
 48038 | Bazaar   | Found Ifaff's Jewellery Shoppe.
 48038 | Bazaar   | Found Ulere's Antique Armour Emporium.
 48065 | Bazaar   | Found Avivvaid's Armour Shoppe.
 48065 | Bazaar   | Found Luifa's Book Emporium.
 48087 | Bazaar   | Found Xeanus's Distillery.
 48126 | Bazaar   | Bought the scarf "Gigor" {repulsion, rF+ rN+ Int+3 Dex-2}
                  | for 303 gold pieces
 48137 | Bazaar   | Bought a +1 cloak for 115 gold pieces
 48194 | Depths:4 | Killed Frederick
 48720 | Depths:4 | Found a gate to the Realm of Zot.
 49006 | Depths:4 | Noticed Vv
 49041 | Depths:4 | Killed Vv
 49075 | Depths:4 | Reached skill level 15 in Throwing
 49174 | Depths:4 | Found Ycemehoo's Magic Scroll Shop.
 49178 | Depths:4 | Bought 2 scrolls of blinking for 225 gold pieces
 49653 | Vaults:5 | Entered Level 5 of the Vaults
 49682 | Vaults:5 | Noticed a dread lich
 49697 | Vaults:5 | Killed a dread lich
 50001 | Vaults:5 | Identified the +2 pair of gloves "Yckaripp" {rPois rC+
                  | MP+9}
 50080 | Vaults:5 | Reached XP level 23. HP: 172/196 MP: 26/26
 50293 | Vaults:5 | Identified the +4 scale mail of the Shoals {Int+4}
 50312 | Vaults:5 | Noticed an ancient lich
 50315 | Vaults:5 | Killed an ancient lich
 50397 | Vaults:5 | Noticed an ancient lich
 50404 | Vaults:5 | Killed an ancient lich
 50493 | Vaults:5 | Noticed a dread lich
 50500 | Vaults:5 | Killed a dread lich
 50971 | Vaults:5 | Identified the +4 arbalest of Habem {drain, rElec Will+
                  | Str-3 Int+3}
 50971 | Vaults:5 | Identified the +11 short sword "Corcho Zeven" {vamp, rC-
                  | Str+6 Dex+3}
 51271 | Vaults:5 | Identified the +6 broad axe of the Wilderness {vamp,
                  | Stlth+}
 51451 | Vaults:5 | Identified the +4 tower shield "Raorgh" {Int+3}
 51601 | Vaults:5 | Got a silver rune of Zot
 51794 | Vaults:5 | Identified the +2 quarterstaff "Qaecips" {chaos, Will+}
 51809 | Vaults:5 | Acquired 637 gold pieces
 52206 | Zot:1    | Entered Level 1 of the Realm of Zot
 52583 | Zot:3    | Reached XP level 24. HP: 174/204 MP: 26/26
 53138 | Zot:3    | You fall into a shaft and drop 1 floor!
 53179 | Zot:4    | Found a corrupted altar of Lugonu.
 53482 | Zot:4    | Found a runed translucent gate.
 53482 | Zot:4    | Found a runed translucent gate.
 53483 | Zot:4    | Found a runed translucent gate.
 53485 | Zot:4    | Noticed Emnejil's ghost (master VSBe)
 53872 | Zot:4    | Identified the +5 great sword of Resumed Hostilities
                  | {heavy, rPois Will++ Dex-2 SInv}
 54040 | Zot:5    | Entered Level 5 of the Realm of Zot
 54187 | Zot:5    | Noticed a dread lich
 54187 | Zot:5    | Noticed a Killer Klown
 54189 | Zot:5    | Noticed a dread lich
 54189 | Zot:5    | Noticed an orb of fire
 54190 | Zot:5    | Noticed a Killer Klown
 54191 | Zot:5    | Noticed a Killer Klown
 54191 | Zot:5    | Noticed an orb of fire
 54203 | Zot:5    | Killed a Killer Klown
 54228 | Zot:5    | Noticed an orb of fire
 54230 | Zot:5    | Got the Orb of Zot
 54242 | Zot:5    | Killed an orb of fire
 54257 | Zot:5    | Killed a dread lich
 54265 | Zot:5    | Killed a dread lich
 54271 | Zot:5    | Killed a Killer Klown
 54316 | Zot:5    | Killed an orb of fire
 54318 | Zot:5    | Killed a dread lich
 54801 | D:1      | gg
 54802 | D:$      | Escaped with the Orb!

Illustrated notes

#.............................
#.............................
#...######..####.####...######
####.).# #..# #.# ##...###
...#...# #..# #.# #......#
####...# ####..####(###......#
...#...# #........#..........####
####...###........[..............
####............@.#####......####
...#.Z.###........# #####..#
.###...# #####..### #..# .#
#...#######..###########..####
.###...................).........
...#.............................
..#################.#############
..#.#.##............3.....# #.#
..#.#.##.#.#..########...## #.#


Turn 54801 on D:1: gg

Levels and vault maps discovered:
D:1:      dpeg_arrival_boxes_within_box, layout_loops_ring, serial_shops, shop,
          shop, shop, basic_ecumenical_altar, minmay_pentomino_o2
D:2:      layout_loops_ring, serial_glass, glass_columns_a, glass_columns_c,
          glass_columns_c, glass_columns_c, minmay_strange_pillars,
          due_unseen_surprise, item_on_display_a, basic_altar,
          nicolae_nh_oracle_at_delphi
D:3:      layout_rooms, kennysheep_nub, kennysheep_boxes, uniq_ijyb
D:4:      layout_layer_cave, uniq_duvessa
D:5:      layout_loops_ring, minmay_temple_entry_mini_moons, serial_shops, shop
D:6:      layout_basic, nicolae_uskayaw_dance_studio,
          nicolae_hepliaklqana_hazy_memory, minmay_misc_feat_secret_circle,
          nicolae_stop_n_shop_2
D:7:      cheibrodos_statue_roulette, layout_basic, makhleb_blood_cavern_becter,
          minmay_bent, uniq_jeremiah
D:8:      layout_basic, old_standard_altar,
          lemuel_mausoleum_altar_kikubaaqudgha, xom_butterflies,
          nicolae_overflow_crystal_walls
D:9:      layout_gridville, tgw_trog, nicolae_ashenzari_panopticon,
          minmay_misc_feat_chi
D:10:     layout_gridville, mainiacjoe_overflow_boulevard, david_lair_shrubbed,
          minmay_radiant
D:11:     layout_long_grid, gauntlet_entry_generic
D:12:     layout_irregular_city, serial_shops, bzr_entry_gold,
          minmay_liquid_box, drop_trap, onia_ninara_cookie
D:13:     layout_long_grid, grunt_vaults_entry_fortified, uniq_lodul
D:14:     layout_cave_pods, nicolae_trove_entry_crystal, serial_park,
          serial_park_avenue1, serial_park_fountain, serial_park_square1
          [serial_park_minivault_5x5_3], serial_park_tiny_pond
D:15:     gammafunk_depths_entry_grave, layout_irregular_city,
          minmay_curled_crystal, hangedman_decor_growths, nrook_uturn,
          minmay_door_square
Temple:   minmay_temple_forest_path
Lair:1:   layout_long_grid, minivault_26
Lair:2:   layout_gridlike, minmay_shoals_entry_hut, guppyfry_snake_entry_garden,
          st_stairs_3, grunt_forest_stairs_clearing, serial_bayou_shore_b,
          uniq_nergalle
Lair:3:   layout_regular_city, nzn_masters_of_martial_movement
Lair:4:   layout_hall_layers, nicolae_slime_entry_field_trip, grunt_megastairs_3
Lair:5:   evilmike_catoblepas_cave, layout_misc_corridors, lemuel_centaur_altar,
          serial_bayou_shore_a, lemuel_fruit_fields, uniq_rupert
Shoals:1: layout_shoals
Shoals:2: layout_shoals, serial_shops, shop, shop,
          nicolae_shop_just_a_little_nook, nicolae_shop_tiny_waterfront
Shoals:3: layout_shoals, uniq_ilsuiw
Shoals:4: shoals_end_hangedman, layout_shoals, shoals_ilsuiw_alternative,
          nicolae_shoals_secluded_bog, uniq_donald
Snake:1:  layout_grid_maze, portal_ice_cave_entry_pillars_1, grunt_megastairs_2
Snake:2:  layout_misc_corridors, basic_altar, nicolae_snake_boneroom
Snake:3:  layout_gridlike
Snake:4:  snake_pit, layout_misc_corridors, serial_bayou_lagoon_a
Orc:1:    layout_caves, gammafunk_ghost_grave, uniq_urug, uniq_erica
Orc:2:    st_orc_ogre_mass, layout_caves
Vaults:1: ontoclasm_vaults_loading_screen, vaults_mumra_minichess,
          ontoclasm_vaults_tryst, v_misc_31, nicolae_vaults_surprise_closet,
          hangedman_vaults_stream, nicolae_vaults_minivaults, vaults_dpeg_cross,
          nicolae_vaults_surprise_closet, v_pattern_5, nicolae_vaults_two_Ls,
          layout_vaults_omnigrid
Vaults:2: hangedman_vaults_stretched_pinwheel, minmay_crypt_entry_necro_gods,
          v_rooms_2, nicolae_vaults_mitosis, vaults_room_pool,
          nicolae_vaults_hexular_roomagon, not_door_vault_mu,
          grunt_vaults_bifocal, nicolae_vaults_house_2, v_misc_27,
          nicolae_vaults_tetromino_L_2, ontoclasm_vaults_chip,
          layout_vaults_ring
Vaults:3: nicolae_vaults_tetromino_Z_2, st_cells, grunt_vaults_focal, v_misc_28,
          ontoclasm_vaults_spin, nicolae_vaults_taking_the_gang_shopping,
          nicolae_vaults_storage_room_water, v_alt_pattern_2,
          dpeg_vaults_monster_row, dpeg_vaults_monster_box,
          vaults_dpeg_encased_lava, ontoclasm_vaults_misaligned,
          nicolae_vaults_layer_cake_slice, v_misc_16, layout_vaults_maze,
          serial_shops, nicolae_shop_tiny_statue_garden
Vaults:4: nicolae_vaults_alarming, hangedman_vaults_maws, v_rooms_4,
          vaults_room_grunt_arrival_checkpoint, grunt_vaults_funnel,
          nicolae_vaults_tetromino_L_2, layout_vaults_big_room, uniq_aizul,
          uniq_margery, uniq_sojobo
Vaults:5
Depths:1: layout_cave_pools, hell_entry, nicolae_diode_intersection
Depths:2: evilmike_iron_armoury, layout_gridlike, pf_hell_entry_tar_river,
          rand_demon_pan_entry_3, grunt_decor_mini_mirrors, abyss_entry,
          gammafunk_ghost_necromancy, uniq_bai_suzhen, uniq_norris
Depths:3: hangedman_six_sided_sadism, layout_honeycomb, enter_ziggurat_f,
          hangedman_coc_ice_floe, grunt_pan_entry_in_and_out,
          hangedman_abyss_or_decor_stabs, serial_shops, nicolae_shop_stone,
          abyss_entry, item_on_display_a
Depths:4: evilmike_zot_entry_diamond, layout_honeycomb, serial_shops,
          bzr_entry_water, shop, grunt_hell_horde,
          nicolae_twisty_statue_hallways, drop_trap, uniq_vv, uniq_frederick
Zot:1:    layout_cathedral_of_symmetry, st_small_dragon_hoard_5,
          regret_index_zotdec_slimy_original, st_stairs_5,
          regret_index_zot_stipple_split
Zot:2:    layout_gridville
Zot:3:    layout_basic, regret_index_zotdec_fiery_em,
          regret_index_zotdec_tunneler, uniq_josephina
Zot:4:    layout_misc_corridors, gammafunk_ghost_tricky_traps,
          amcnicky_altar_lugonu_corruption
Zot:5:    layout_cathedral_of_symmetry, nicolae_lava_and_water,
          bh_zot_lava_cross

Skill      XL: |  1  2  3  4  5  6  7  8  9 10 11 12 13 14 15 16 17 18 19 20 21 22 23 24 |
---------------+-------------------------------------------------------------------------+-----
Fighting       | 2 3 4 6 7 8 10 11 12 13 14 15 16 17 18 19 20 | 20.0
Spellcasting   | 2 |  2.0
Maces & Flails | 1 2 |  2.0
Axes           | 1 2 3 4 5 7 9 11 12 14 15 16 17 | 17.9
Armour         | 2 3 5 6 7 8 9 10 11 12 13 15 16 17 19 20 | 20.0
Evocations     | 3 5 7 8 |  8.0
Shields        | 3 6 8 10 11 13 | 13.0
Throwing       | 2 5 8 11 15 16 18 | 18.8
Polearms       | |  1.0
Necromancy     | |  3.0
Invocations    | |  1.0

Action                     |  1- 3 |  4- 6 |  7- 9 | 10-12 | 13-15 | 16-18 | 19-21 | 22-24 || total
---------------------------+-------+-------+-------+-------+-------+-------+-------+-------++-------
  Melee: Spear             |    22 |       |       |       |       |       |       |       ||    22
         Mace              |    87 |       |       |       |       |       |       |       ||    87
         Punch             |     1 |     1 |     4 |    14 |    12 |       |       |       ||    32
         War axe           |       |   141 |   412 |   733 |   864 |       |       |       ||  2150
         Hand axe          |       |       |       |       |   306 |       |       |       ||   306
         Broad axe         |       |       |       |       |   107 |  1414 |  1577 |  1807 ||  4905
  Throw: Dart              |       |       |       |     8 |     1 |       |       |       ||     9
         Boomerang         |       |       |       |       |       |       |       |    19 ||    19
         Javelin           |       |       |       |       |       |       |       |    22 ||    22
         Throwing net      |       |       |       |       |       |       |       |     5 ||     5
   Cast: Necrotise         |    21 |     2 |       |       |       |       |       |       ||    23
 Invoke: Potion Petition   |       |       |       |     4 |       |       |    12 |     5 ||    21
         Call Merchant     |       |       |       |       |     1 |       |       |       ||     1
         Bribe Branch      |       |       |       |       |       |       |       |     3 ||     3
  Evoke: Wand              |       |     1 |     7 |       |     1 |     4 |    12 |     5 ||    30
         Lightning rod     |       |       |       |     3 |     4 |     4 |       |     1 ||    12
         Phantom mirror    |       |       |       |       |       |       |     1 |     2 ||     3
         Phial of floods   |       |       |       |       |       |       |     1 |       ||     1
    Use: Scroll            |     3 |     2 |     6 |    11 |    13 |     9 |     9 |    11 ||    64
   Stab: Distracted        |     1 |       |     1 |     2 |     5 |     8 |    13 |    10 ||    40
         Paralysed         |       |     4 |     9 |       |       |       |     2 |     2 ||    17
         Invisible         |       |       |       |     6 |       |       |       |     5 ||    11
 Armour: Leather armour    |    17 |       |       |       |       |       |       |       ||    17
         Ring mail         |    62 |    23 |       |       |       |       |       |       ||    85
         Chain mail        |       |    94 |   435 |   532 |       |       |       |       ||  1061
         Plate armour      |       |       |       |   292 |  1364 |  1159 |   244 |       ||  3059
         Crystal plate arm |       |       |       |       |       |       |   705 |  1328 ||  2033
  Dodge: Dodged            |    56 |    67 |   118 |   365 |   327 |   631 |   340 |   405 ||  2309
         Repelled          |       |       |       |       |       |       |       |    24 ||    24
  Block: Buckler           |       |       |       |       |    80 |     8 |       |       ||    88
         Kite shield       |       |       |       |       |       |   699 |  1058 |  1127 ||  2884

Table legend: (Time is in decaauts)
 A = Elapsed time spent in this place.
 B = Non-inter-level travel time spent in this place.
 C = Inter-level travel time spent in this place.
 D = Time resting spent in this place.
 E = Time spent auto-exploring this place.
 F = Levels seen in this place.
 G = Mean time per level.
                   A        B        C        D        E       F      G
               +--------+--------+--------+--------+--------+-----+--------+
         Total |  55340 |  49364 |   5976 |   5085 |  26998 |  49 | 1129.4 |
       Dungeon |  19623 |  16758 |   2865 |   1738 |   9595 |  15 | 1308.2 |
        Temple |     36 |     36 |      0 |     35 |      0 |   1 |   36.0 |
          Lair |   5819 |   5116 |    703 |    367 |   3157 |   5 | 1163.8 |
        Shoals |   6054 |   5398 |    656 |    761 |   3018 |   4 | 1513.5 |
     Snake Pit |   4266 |   3927 |    339 |    187 |   2224 |   4 | 1066.5 |
  Orcish Mines |   1760 |   1574 |    186 |    222 |    930 |   2 |  880.0 |
        Vaults |   8082 |   7420 |    662 |    658 |   4182 |   5 | 1616.4 |
        Depths |   6111 |   5692 |    419 |    731 |   2883 |   4 | 1527.8 |
           Zot |   2064 |   1922 |    142 |    171 |    428 |   5 |  412.8 |
        Bazaar |    211 |    211 |      0 |      0 |     50 |   2 |  105.5 |
      Ice Cave |    676 |    676 |      0 |    178 |    249 |   1 |  676.0 |
      Gauntlet |    631 |    631 |      0 |     34 |    280 |   1 |  631.0 |
               +--------+--------+--------+--------+--------+-----+--------+

Top non-repeatable levels by time:
     D:9: 2504 daAuts
Shoals:4: 2291 daAuts
Depths:2: 2109 daAuts
Vaults:5: 2061 daAuts
Vaults:1: 1943 daAuts
    D:13: 1897 daAuts
Shoals:3: 1699 daAuts
Depths:3: 1689 daAuts
    D:10: 1675 daAuts
  Lair:2: 1518 daAuts
Vaults:2: 1441 daAuts
Vaults:4: 1425 daAuts
     D:8: 1399 daAuts
     D:1: 1394 daAuts
     D:4: 1373 daAuts
